 Dungeon Crawl Stone Soup version 0.30-a0-1035-g38d5fb2972 (webtiles) character file.

Game seed: 5835143824015398022

7623 BlueFish the Covert (level 11, 0/71 HPs)
             Began as an Octopode Venom Mage on Apr 9, 2023.
             Was a High Priest of Cheibriados.
             Slain by a two-headed ogre
             ... wielding a +0 giant club
              (21 damage)
             ... on level 10 of the Dungeon.
             The game lasted 00:26:45 (10733 turns).

BlueFish the Covert (Octopode Venom Mage)          Turns: 10733, Time: 00:26:46

Health: 0/71       AC:  9    Str: 22    XL:     11   Next: 18%
Magic:  12/19      EV: 24    Int: 35    God:    Cheibriados [*****.]
Gold:   135        SH:  0    Dex: 32    Spells: 7/20 levels left

rFire   . . .      SeeInvis .      - Unarmed
rCold   . . .      Faith    .    (no shield)
rNeg    + . .      Spirit   .    (helmet restricted)
rPois   .          Reflect  .    (no amulet)
rElec   .          Rampage  .    l - +4 ring of protection
rCorr   .                        q - ring of wizardry
Will    .....                    t - +6 ring of dexterity
Stlth   +++++                    p - ring of positive energy
HPRegen 0.31/turn                x - ring of Ykink {EV+5 Int+6 Dex+2 Slay+3 Stlth-}
MPRegen 0.16/turn                C - +4 ring of protection
                                 (no ring)
                                 (no ring)

@: very slow
A: almost no armour, amphibious, 8 rings, camouflage 1, gelatinous body 1,
(nimble swimmer 1), tentacles
a: Renounce Religion, Bend Time, Temporal Distortion, Slouch, Step From Time


You were on level 10 of the Dungeon.
You worshipped Cheibriados.
Cheibriados was extremely pleased with you.
You visited 2 branches of the dungeon, and saw 11 of its levels.

You collected 583 gold pieces.
You spent 448 gold pieces at shops.

Inventory:

Hand Weapons
 E - a +2 scimitar of flaming
Missiles
 u - 2 throwing nets
Jewellery
 l - a +4 ring of protection (left tentacle)
 p - a ring of positive energy (on tentacle)
 q - a ring of wizardry (right tentacle)
 t - a +6 ring of dexterity (on tentacle)
 x - the ring of Ykink (on tentacle) {EV+5 Int+6 Dex+2 Slay+3 Stlth-}
   (You found it on level 8 of the Dungeon)

   [ring of evasion]

   EV:        It affects your evasion (+5).
   Int:       It affects your intelligence (+6).
   Dex:       It affects your dexterity (+2).
   Slay:      It affects your accuracy & damage with ranged weapons and melee
   (+3).
   Stlth:     It makes you less stealthy.
 C - a +4 ring of protection (on tentacle)
Wands
 a - a wand of roots (7)
 w - a wand of flame (63)
Scrolls
 c - a scroll of amnesia {unknown}
 d - 4 scrolls of teleportation
 e - 3 scrolls of poison {unknown}
 h - 2 scrolls of immolation
 j - a scroll of enchant armour {unknown}
 k - 2 scrolls of blinking
 m - 4 scrolls of fear {unknown}
 n - a scroll of vulnerability {unknown}
 o - 3 scrolls of fog {unknown}
 s - a scroll of magic mapping {unknown}
 y - a scroll of torment {unknown}
 B - a scroll of acquirement {unknown}
 D - a scroll of brand weapon {unknown}
Potions
 b - a potion of ambrosia
 f - 5 potions of attraction
 g - a potion of resistance {unknown}
 i - 5 potions of curing
 r - a potion of mutation {unknown}
 v - 4 potions of invisibility
 z - a potion of brilliance
 A - a potion of magic


   Skills:
 + Level 5.1 Fighting
 + Level 4.3 Throwing
 + Level 5.7 Dodging
 + Level 8.1 Stealth
 + Level 5.1 Unarmed Combat
 + Level 5.4 Spellcasting
 + Level 2.5 Conjurations
 + Level 5.3 Transmutations
 + Level 4.3 Air Magic
 + Level 7.5 Poison Magic
 + Level 5.0 Invocations
 + Level 3.1 Evocations


You had 7 spell levels left.
You knew the following spells:

 Your Spells              Type           Power      Damage    Failure   Level
a - Sting                 Tmut/Pois      100%       1d8       1%          1
b - Poisonous Vapours     Pois/Air       100%       N/A       1%          2
c - Olgreb's Toxic Radia  Pois           58%        N/A       1%          4
d - Mephitic Cloud        Conj/Pois/Air  43%        N/A       1%          3
e - Spider Form           Tmut/Pois      53%        N/A       1%          3

Your spell library contained the following spells:

 Spells                   Type           Power      Damage    Failure   Level
 Beastly Appendage        Tmut           94%        N/A       1%          1
 Sandblast                Erth           18%        2d7       1%          1
 Passwall                 Tmut/Erth      23%        N/A       1%          2
 Static Discharge         Conj/Air       66%        2-5/arc   1%          2
 Wereblood                Tmut           47%        N/A       1%          2
 Stone Arrow              Conj/Erth      36%        3d9       2%          3
 Airstrike                Air            20%        2d(3-19)  2%          4
 Tukima's Dance           Hex            9%         N/A       4%          3
 Summon Lightning Spire   Summ/Air       24%        N/A       6%          4
 Anguish                  Hex/Necr       4%         N/A       16%         4
 Cause Fear               Hex            4%         N/A       16%         4
 Passage of Golubria      Tloc           9%         N/A       16%         4
 Iskenderun's Battlesphe  Conj           27%        2d8       16%         5
 Yara's Violent Unravell  Hex/Tmut       14%        3d7       16%         5
 Fireball                 Conj/Fire      9%         3d6       26%         5
 Conjure Ball Lightning   Conj/Air       16%        3x3d6     50%         6
 Orb of Destruction       Conj           13%        9d7       99%         7
 Enfeeble                 Hex            4%         N/A       100%        7


Dungeon Overview and Level Annotations

Branches:
Dungeon (10/15)            Temple (1/1) D:6            Lair (0/5) D:8
    Orc: D:9-12

Altars:
Ashenzari
Cheibriados
Dithmenos
Elyvilon
Fedhas
Gozag
Hepliaklqana
Kikubaaqudgha
Makhleb
Nemelex Xobeh
Okawaru
Qazlal
Ru
Sif Muna
Trog
Uskayaw
Vehumet
Wu Jian
Xom
Yredelemnul
Zin
The Shining One

Shops:
D:2 (   D:3 (   D:4 (   D:9 *

Annotations:
D:4 1 runed translucent door, ytrimaz's ghost, amateur FoFi
D:6 exclusion: ice beast


Innate Abilities, Weirdness & Mutations

You cannot wear most types of armour.
You are amphibious.
You can wear up to eight rings at the same time.
Your skin changes colour to match your surroundings (Stealth+).
Your rubbery body absorbs attacks. (AC +1, EV +1)
((You are camouflaged when in or above water. (Stealth+)))
You have tentacles for arms and can constrict up to eight enemies at once.


Message History

The two-headed ogre is heavily wounded.
The two-headed ogre hits you with a +0 giant club!! x2
* * * LOW HITPOINT WARNING * * *
Casting: Poisonous Vapours (safe; 1% risk of failure)
Confirm with . or Enter, or press ? or * to list all spells.
Okay, then.
Okay, then.
Casting: Poisonous Vapours (safe; 1% risk of failure)
Confirm with . or Enter, or press ? or * to list all spells.
Okay, then.
Casting: Poisonous Vapours (safe; 1% risk of failure)
Confirm with . or Enter, or press ? or * to list all spells.
Aiming: Mephitic Cloud (safe; 1% risk of failure)
Press: ? - help, Shift-Dir - straight line, f/p - two-headed ogre
Aim: a two-headed ogre, wielding two +0 giant clubs (heavily wounded, extremely poisoned, chance to affect: 53%) That beam is likely to hit you.
Continue anyway?
The ball explodes into a vile cloud!
The stinking cloud engulfs the two-headed ogre but does no damage.
The two-headed ogre is heavily wounded.
The stinking cloud engulfs you but does no damage.
You are engulfed in noxious fumes.
You choke on the stench!
You are confused.
You feel less confused.
The two-headed ogre is engulfed in noxious fumes.
The two-headed ogre appears confused.
The two-headed ogre is engulfed in noxious fumes.
The two-headed ogre appears confused.
Casting: Mephitic Cloud (safe; 1% risk of failure)
Confirm with . or Enter, or press ? or * to list all spells.
Aiming: Sting (safe; 1% risk of failure)
Press: ? - help, Shift-Dir - straight line, f/p - two-headed ogre
Aim: a two-headed ogre, wielding two +0 giant clubs (noxious fumes, severely wounded, confused, very poisoned, 98% to hit)
The sting hits the two-headed ogre.
The two-headed ogre looks as sick as possible!
The two-headed ogre is almost dead.
The two-headed ogre is engulfed in noxious fumes.
The two-headed ogre appears confused.
The two-headed ogre closely misses you.
The two-headed ogre hits you with a +0 giant club!!
You die...

#.##......#.#
#...........#
#...........#
#.....####### #
#.....# ..
#.....########## #...
#............... ....#
#......#.O.○####......
#......#@..°○......#
#...#....###°......#
#.....#### #.......#
#.....# #.....#.#
#..#..# #.......#
#..#..# #....####
#.#..# #.#..# #....#


You could see a two-headed ogre (confused, extremely poisoned).

Vanquished Creatures
  Erica (D:10)
  A centaur warrior (D:8)
  Maurice (D:8)
  A troll (D:10)
  Grinder (D:6)
  A slime creature (D:8)
  A shadow (D:10)
  2 wyverns
  6 yaks
  Eustachio (D:6)
  A water moccasin (D:7)
  An orc warrior (D:9)
  A black bear (D:7)
  3 ice beasts
  An ogre (D:6)
  5 centaurs
  6 kobold brigands
  9 bullfrogs
  A gnoll sergeant (D:8)
  9 wights
  12 killer bees
  2 howler monkeys
  A hound (D:6)
  A gnoll bouda (D:8)
  5 orc priests
  2 jellies
  7 orc wizards
  4 sleepcaps
  2 iguanas
  11 gnolls
  9 adders
  3 shadow imps
  A white imp (D:7)
  An ufetubus (Temple)
  6 dart slugs
  27 orcs
  10 endoplasms
  2 giant cockroaches
  3 hobgoblins
  8 jackals
  26 kobolds
  4 quokkas
  8 ball pythons
  7 bats
  A frilled lizard (D:1)
  5 goblins (D:1)
  12 rats
233 creatures vanquished.

Vanquished Creatures (others)
  4 toadstools (D:3)
4 creatures vanquished.

Grand Total: 237 creatures vanquished

Notes
Turn   | Place    | Note
-------+----------+-------------------------------------------
     0 | D:1      | BlueFish the Octopode Venom Mage began the quest for the
                  | Orb.
     0 | D:1      | Reached XP level 1. HP: 11/11 MP: 3/3
   171 | D:1      | Reached XP level 2. HP: 17/17 MP: 3/5
   632 | D:1      | Reached skill level 3 in Stealth
   632 | D:1      | Reached XP level 3. HP: 20/22 MP: 3/6
   635 | D:1      | Learned a level 2 spell: Poisonous Vapours
  1050 | D:2      | Found Ycwiaclu's Antique Weapon Shop.
  1090 | D:2      | Found a faded altar of an unknown god.
  1341 | D:2      | Reached skill level 1 in Fighting
  1341 | D:2      | Reached skill level 1 in Unarmed Combat
  1341 | D:2      | Reached XP level 4. HP: 28/28 MP: 2/7
  2282 | D:3      | Reached XP level 5. HP: 25/33 MP: 3/8
  2550 | D:3      | Found Kaxke Tin's Antique Weapon Boutique.
  2648 | D:3      | Found a shimmering blue altar of Sif Muna.
  2705 | D:3      | Learned a level 4 spell: Olgreb's Toxic Radiance
  2863 | D:3      | Found a glowing golden altar of the Shining One.
  2864 | D:3      | Found a blossoming altar of Fedhas.
  3794 | D:4      | Found Yzysuit's Weapon Emporium.
  4012 | D:4      | Found a runed translucent door.
  4020 | D:4      | Noticed ytrimaz's ghost (amateur FoFi)
  4105 | D:4      | Reached XP level 6. HP: 39/39 MP: 4/10
  4121 | D:4      | Reached skill level 4 in Stealth
  4310 | D:5      | Entered Level 5 of the Dungeon
  4774 | D:5      | Found a basalt altar of Yredelemnul.
  5042 | D:6      | Reached XP level 7. HP: 45/45 MP: 3/11
  5083 | D:6      | Noticed Eustachio
  5250 | D:6      | Noticed Grinder
  5333 | D:6      | Found a staircase to the Ecumenical Temple.
  5352 | Temple   | Entered the Ecumenical Temple
  5418 | Temple   | Became a worshipper of Cheibriados the Contemplative
  5469 | Temple   | Reached skill level 5 in Poison Magic
  5689 | D:6      | Noticed a gargoyle
  5716 | D:6      | Reached skill level 1 in Invocations
  5723 | D:6      | Reached skill level 1 in Throwing
  5883 | D:6      | Killed Eustachio
  5884 | D:6      | Reached skill level 5 in Stealth
  5884 | D:6      | Reached skill level 1 in Air Magic
  5884 | D:6      | Reached XP level 8. HP: 51/51 MP: 7/13
  5975 | D:6      | Killed Grinder
  6539 | D:7      | Reached * piety under Cheibriados
  6543 | D:7      | Reached XP level 9. HP: 49/57 MP: 5/15
  6544 | D:7      | Reached skill level 6 in Stealth
  6625 | D:7      | You fall into a shaft and drop 1 floor!
  6646 | D:8      | Reached ** piety under Cheibriados
  6809 | D:7      | Found a stormy altar of Qazlal.
  7694 | D:8      | Reached XP level 10. HP: 36/64 MP: 3/17
  7699 | D:8      | Reached skill level 5 in Dodging
  7699 | D:8      | Reached skill level 7 in Stealth
  7799 | D:8      | Learned a level 3 spell: Mephitic Cloud
  7824 | D:8      | Learned a level 3 spell: Spider Form
  7829 | D:8      | Reached *** piety under Cheibriados
  8344 | D:8      | Identified the ring of Ykink {EV+5 Int+6 Dex+2 Slay+3
                  | Stlth-}
  8414 | D:8      | Found a staircase to the Lair.
  8554 | D:8      | Reached skill level 1 in Evocations
  8577 | D:8      | Noticed a centaur warrior
  8595 | D:8      | Killed a centaur warrior
  8596 | D:8      | Reached skill level 5 in Spellcasting
  8596 | D:8      | Reached skill level 1 in Conjurations
  8856 | D:8      | Noticed Maurice
  8860 | D:8      | Reached skill level 5 in Transmutations
  9018 | D:8      | Killed Maurice
  9499 | D:9      | Found a shadowy altar of Dithmenos.
  9501 | D:9      | Found a white marble altar of Elyvilon.
  9501 | D:9      | Found a glowing silver altar of Zin.
  9501 | D:9      | Found an ancient bone altar of Kikubaaqudgha.
  9501 | D:9      | Found an opulent altar of Gozag.
  9669 | D:9      | Reached **** piety under Cheibriados
  9774 | D:9      | Found Edyathro's Island Escapes.
  9782 | D:9      | Bought 2 potions of invisibility for 208 gold pieces
  9782 | D:9      | Bought a potion of invisibility for 104 gold pieces
  9782 | D:9      | Bought a scroll of teleportation for 39 gold pieces
  9782 | D:9      | Bought a scroll of blinking for 97 gold pieces
 10184 | D:10     | Entered Level 10 of the Dungeon
 10202 | D:10     | Reached skill level 5 in Fighting
 10252 | D:10     | Reached XP level 11. HP: 71/71 MP: 18/18
 10301 | D:10     | Reached skill level 5 in Unarmed Combat
 10303 | D:10     | Reached skill level 8 in Stealth
 10362 | D:10     | Reached ***** piety under Cheibriados
 10422 | D:10     | Noticed Erica
 10433 | D:10     | Killed Erica
 10596 | D:10     | Reached skill level 5 in Invocations
 10719 | D:10     | Noticed a two-headed ogre
 10733 | D:10     | Slain by a two-headed ogre

Illustrated notes

Levels and vault maps discovered:
D:1:      dpeg_arrival_ratfight, layout_loops_ring,
          minmay_misc_feat_four_crosses, minmay_surrounded
D:2:      minmay_skewed_foursquare, layout_rooms, serial_shops, shop,
          dreamdust_ecumenical_altar_statues
D:3:      layout_loops_ring, mainiacjoe_overflow_24_doors,
          nicolae_overflow_two_pavilions, serial_shops, nicolae_square_shop,
          minmay_gold_behind_fungi, reono_crystal_passage,
          corexii_leaking_fountain
D:4:      layout_cave_pools, serial_shops, shop, ebering_ghost_reflecting_pool,
          kennysheep_nondescript
D:5:      layout_rooms, nicolae_overflow_hidden_temple
D:6:      layout_rooms, minmay_temple_entry_statues_fountains, uniq_grinder,
          uniq_eustachio
D:7:      layout_basic, lemuel_tele_altar
D:8:      kennysheep_blocky_room, layout_basic, lair_entry_dummy,
          minmay_fractal_squares_diagonal_5, uniq_maurice
D:9:      layout_small_grid, grunt_temple_overflow_open, nicolae_island_escapes
D:10:     layout_stronghold, david_orc_4, billiards_dpeg, uniq_erica
Temple:   nicolae_temple_x_marks_the_god

Skill      XL: |  1  2  3  4  5  6  7  8  9 10 11 |
---------------+----------------------------------+-----
Stealth        | 3 4 5 6 7 8 |  8.1
Poison Magic   | 4 5 6 7 |  7.5
Fighting       | 1 2 3 4 5 |  5.1
Unarmed Combat | 1 2 3 4 5 |  5.1
Transmutations | 2 3 4 5 |  5.3
Dodging        | 3 4 5 |  5.7
Spellcasting   | 3 4 5 |  5.4
Invocations    | 1 2 3 4 5 |  5.0
Throwing       | 1 2 3 4 |  4.3
Air Magic      | 1 2 3 4 |  4.3
Evocations     | 2 3 |  3.1
Conjurations   | 2 |  2.5

Action                     |  1- 3 |  4- 6 |  7- 9 | 10-12 || total
---------------------------+-------+-------+-------+-------++-------
  Melee: Unarmed           |    35 |    72 |   137 |   118 ||   362
         Constrict         |    10 |    21 |    29 |    14 ||    74
         Tentacles         |     5 |    18 |    41 |    24 ||    88
         Punch             |     1 |     3 |     8 |     4 ||    16
   Cast: Sting             |    44 |    71 |    39 |    13 ||   167
         Poisonous Vapours |     6 |    49 |    15 |    26 ||    96
         Olgreb's Toxic Ra |       |     1 |     8 |    13 ||    22
         Spider Form       |       |       |       |     4 ||     4
         Mephitic Cloud    |       |       |       |     1 ||     1
    Use: Scroll            |       |     7 |     2 |       ||     9
         Potion            |       |     4 |     1 |     1 ||     6
   Stab: Sleeping          |       |     1 |       |     2 ||     3
 Armour: Skin              |     2 |    14 |    20 |    16 ||    52
  Dodge: Dodged            |    21 |    54 |   114 |   118 ||   307

Table legend: (Time is in decaauts)
 A = Elapsed time spent in this place.
 B = Non-inter-level travel time spent in this place.
 C = Inter-level travel time spent in this place.
 D = Time resting spent in this place.
 E = Time spent auto-exploring this place.
 F = Levels seen in this place.
 G = Mean time per level.
                   A        B        C        D        E       F      G
               +--------+--------+--------+--------+--------+-----+--------+
         Total |  12203 |  11686 |    517 |    547 |   9059 |  11 | 1109.4 |
       Dungeon |  11870 |  11363 |    507 |    376 |   8970 |  10 | 1187.0 |
        Temple |    333 |    323 |     10 |    171 |     89 |   1 |  333.0 |
               +--------+--------+--------+--------+--------+-----+--------+

Top non-repeatable levels by time:
     D:8: 2015 daAuts
     D:7: 1766 daAuts
     D:9: 1279 daAuts
     D:3: 1255 daAuts
     D:4: 1066 daAuts
     D:1: 1049 daAuts
     D:2: 1002 daAuts
     D:5: 827 daAuts
     D:6: 826 daAuts
    D:10: 780 daAuts
  Temple: 333 daAuts
